AoeStats
← L. Erikson

Arena

510169370Analyzed
4v4 RM · 2d ago on Sep 29, 2026· 104m 34s· 8 players
Game mode
Random Map
Map size
Large (8 player)
Population
200
Speed
Normal
Resources
Standard
Victory
Conquest
Starting age
Dark Age
Ending age
Imperial Age
RankedLock teamsTeams togetherTeam positionsShared explorationLock speedFull tech treeHidden civsTurbo modeCheats
Victory
Defeat
🇬🇧 Persians · United Kingdom
918
+16
🇺🇸 Japanese · United States
868
+18
🇧🇷 Japanese · Brazil
844
+19
🇵🇪 Celts · Peru
784
+21
🇩🇪 Danes · Germany
971
-21
🇩🇪 Bohemians · Germany
906
-18
🇩🇪 Wu · Germany
885
-18
🇩🇪 Teutons · Germany
868
-17
kevinfz101006xr
11:18 Feudal Age
12:28 Double-Bit Axe
16:29 Castle Age
15:06 Double-Bit Axe
20:33 Bow Saw
22:22 Horse Collar
23:23 Wheelbarrow
24:03 Fletching
24:14 Padded Archer Armor
26:55 Bodkin Arrow
27:15 Leather Archer Armor
27:39 Guard Tower
28:12 Ballistics
28:16 Gold Mining
28:21 Stone Mining
28:49 Hand Cart
28:51 Heavy Plow
30:28 Gold Shaft Mining
30:08 Yasama
30:27 Thumb Ring
34:52 Imperial Age
32:16 Treadmill Crane
35:13 Loom
35:39 Bracer
36:10 Ring Archer Armor
36:18 Keep
35:28 Arrowslits
36:24 Kataparuto
36:26 Conscription
36:38 Heavy Cavalry Archer
37:44 Parthian Tactics
41:46 Chemistry
40:54 Siege Engineers
48:40 Caravan
57:49 Two-Man Saw
MiguelAngel
11:07 Feudal Age
12:32 Horse Collar
21:24 Castle Age
19:21 Stone Mining
19:26 Gold Mining
20:56 Double-Bit Axe
24:35 Heavy Plow
28:33 Imperial Age
26:28 Bow Saw
30:16 Wheelbarrow
31:09 Forging
31:00 Scale Mail Armor
32:49 Hand Cart
33:27 Conscription
34:27 Caravan
35:35 Siege Engineers
35:26 Murder Holes
35:29 Gambesons
35:30 Arson
36:51 Heavy Scorpion
40:16 Chemistry
40:08 Ballistics
39:17 Cavalier
39:58 Husbandry
40:40 Furor Celtica
40:49 Paladin
42:26 Fortified Wall
42:28 Masonry
41:41 Elite Woad Raider
43:19 Loom
43:21 Town Watch
44:26 Scale Barding Armor
44:36 Chain Mail Armor
44:58 Iron Casting
45:34 Chain Barding Armor
49:13 Plate Mail Armor
49:43 Blast Furnace
60:32 Onager
61:57 Stone Shaft Mining
62:01 Gold Shaft Mining
61:23 Stronghold
62:09 Hoardings
99:59 Coinage
99:39 Guilds
99:33 Town Patrol
99:27 Sappers
99:20 Siege Onager
99:21 Capped Ram
99:25 Light Cavalry
The Architecht
9:01 Feudal Age
9:24 Double-Bit Axe
16:05 Castle Age
14:21 Horse Collar
16:47 Bow Saw
16:52 Heavy Plow
18:35 Loom
23:04 Fletching
27:12 Imperial Age
26:41 Bodkin Arrow
26:57 Forging
26:50 Scale Mail Armor
26:57 Scale Barding Armor
27:38 Bloodlines
27:31 Husbandry
28:48 Wheelbarrow
29:01 Iron Casting
28:38 Town Watch
29:52 Hand Cart
31:09 Two-Man Saw
32:03 Blast Furnace
32:01 Conscription
31:26 Pikeman
34:46 Ballistics
34:22 Murder Holes
35:20 Halberdier
36:01 Squires
37:35 Chain Barding Armor
37:31 Chain Mail Armor
37:01 Cavalier
41:47 Savar
44:00 Crop Rotation
44:17 Caravan
47:22 Plate Barding Armor
47:17 Plate Mail Armor
48:36 Gold Mining
62:33 Town Patrol
67:32 Citadels
68:36 Hoardings
69:29 Elite War Elephant
100:30 Spies/Treason
felipetutuba
10:32 Feudal Age
11:03 Double-Bit Axe
10:59 Horse Collar
20:13 Castle Age
26:24 Pikeman
29:21 Fortified Wall
30:04 Scale Mail Armor
30:14 Forging
32:40 Imperial Age
31:11 Fletching
32:51 Halberdier
35:37 Chain Mail Armor
35:58 Iron Casting
47:36 Elite Skirmisher
49:34 Thumb Ring
49:31 Padded Archer Armor
50:06 Squires
52:56 Plate Mail Armor
53:25 Kataparuto
55:27 Bodkin Arrow
56:33 Blast Furnace
GBM I Vertigo
13:22 Feudal Age
15:07 Feudal Age
19:08 Castle Age
17:07 Man-at-Arms
19:15 Scale Mail Armor
19:00 Horse Collar
19:09 Double-Bit Axe
20:08 Bow Saw
20:03 Heavy Plow
20:15 Squires
21:46 Forging
22:02 Long Swordsman
23:57 Elite Skirmisher
26:27 Fletching
30:48 Arson
31:28 Ballistics
31:57 Wheelbarrow
31:24 Bodkin Arrow
35:32 Imperial Age
32:52 Town Watch
34:41 Bloodlines
34:46 Scale Barding Armor
37:14 Chemistry
37:59 Cavalier
41:16 Siege Engineers
47:04 Pikeman
49:18 Conscription
49:40 Hoardings
49:20 Masonry
51:18 Hand Cart
57:45 Crenellations
63:50 Heavy Scorpion
L. Erikson
10:20 Feudal Age
16:39 Castle Age
17:43 Double-Bit Axe
17:44 Horse Collar
21:33 Scale Mail Armor
21:41 Loom
24:01 Wheelbarrow
24:21 Chain Mail Armor
26:04 Hand Cart
25:43 Pikeman
27:14 Forging
26:58 Fletching
26:38 Hamask
27:31 Arson
27:47 Squires
28:18 Gold Mining
28:44 Bow Saw
28:37 Heavy Plow
32:36 Imperial Age
30:59 Bodkin Arrow
31:17 Forging
33:40 Caravan
33:05 Elite Varangian Guard
35:12 Plate Mail Armor
35:17 Iron Casting
35:07 Halberdier
37:49 Fervor
39:48 Blast Furnace
38:49 Bracer
38:49 Padded Archer Armor
41:08 Thumb Ring
40:24 Elite Skirmisher
42:28 Siege Engineers
44:31 Masonry
65:07 Onager
66:42 Siege Onager
BButcher23
11:57 Feudal Age
17:11 Castle Age
17:59 Wheelbarrow
17:16 Town Watch
17:17 Loom
18:04 Double-Bit Axe
18:00 Horse Collar
20:44 Bow Saw
30:29 Imperial Age
28:18 Fletching
28:28 Padded Archer Armor
30:10 Hand Cart
29:56 Town Patrol
29:53 Bodkin Arrow
30:13 Leather Archer Armor
30:32 Red Cliffs Tactics
31:32 Conscription
31:38 Elite Fire Archer
34:04 Ballistics
34:45 Chemistry
33:42 Murder Holes
35:48 Bracer
36:03 Leather Archer Armor
37:08 Forging
37:03 Scale Barding Armor
38:07 Light Cavalry
38:57 Bloodlines
39:59 Hussar
41:32 Chain Barding Armor
41:47 Iron Casting
45:15 Leather Archer Armor
45:35 Plate Barding Armor
46:00 Blast Furnace
46:41 Sitting Tiger
47:14 Husbandry
58:08 Pikeman
58:48 Squires
58:53 Halberdier
60:39 Caravan
70:38 Scale Mail Armor
Ronin501
11:48 Feudal Age
12:57 Loom
14:28 Double-Bit Axe
16:58 Castle Age
16:10 Fletching
28:14 Wheelbarrow
31:01 Imperial Age
28:14 Pikeman
29:23 Ballistics
31:09 Hand Cart
32:15 Chemistry
31:23 Elite Skirmisher
32:07 Bodkin Arrow
32:23 Forging
32:13 Scale Mail Armor
35:26 Fortified Wall
38:29 Town Watch
39:19 Padded Archer Armor
41:41 Iron Casting
41:22 Chain Mail Armor
44:29 Bracer
44:32 Town Patrol
45:31 Halberdier
51:46 Blast Furnace
61:03 Houfnice
64:09 Wagenburg Tactics
69:31 Plate Mail Armor
69:17 Leather Archer Armor
69:07 Scale Barding Armor
71:20 Squires
71:06 Arson
71:54 Ring Archer Armor
71:22 Murder Holes
71:18 Guard Tower
71:14 Arrowslits
71:49 Bombard Tower
71:40 Masonry
71:36 Siege Engineers
71:34 Caravan
72:02 Onager
Connection lost

Rejoining the realm…

Still unreachable

The connection could not be restored.

Session expired

The server has moved on; the page needs a fresh start.